AoeStats
← Vincent

Four Lakes

503578552Analyzed
4v4 RM · 1mo ago on Sep 1, 2026· 8m 50s· 8 players
Game mode
Random Map
Map size
Large (8 player)
Population
200
Speed
Normal
Resources
Standard
Victory
Conquest
Starting age
Dark Age
Ending age
Imperial Age
RankedLock teamsTeams togetherTeam positionsShared explorationLock speedFull tech treeHidden civsTurbo modeCheats
Victory
Defeat
🇷🇺 Japanese · Russia
1421
+12
🇹🇷 Japanese · Türkiye
1256
+19
🇹🇼 Magyars · Taiwan
1197
+21
🇦🇹 Mongols · Austria
1194
+22
🇹🇼 Huns · Taiwan
1380
-21
🇵🇹 Sicilians · Portugal
1343
-19
🇨🇳 Spanish · China
1300
-18
🇨🇳 Japanese · China
1262
-16
馬上贏
ABCDE
Vincent
7:17 Loom
Massarock
8:18 Loom
10:24 Feudal Age
給你舒服
10:12 Feudal Age
Fatih
3:41 Loom
Sexytime
5:57 Loom
9:12 Feudal Age
emtry
6:50 Loom
10:29 Feudal Age
Connection lost

Rejoining the realm…

Still unreachable

The connection could not be restored.

Session expired

The server has moved on; the page needs a fresh start.